 Seeded DCSS version 0.30-a0-860-g512cf1e979 (webtiles) character file.

Game seed: 8796237800415217726 (custom seed)

27347 BigDaddyOpFi the Cleaver (level 13, -9/107 HPs)
             Began as a Minotaur Gladiator on Mar 7, 2023.
             Was an Elder of Hepliaklqana.
             Mangled by a skyshark (24 damage)
             ... on level 3 of the Lair of Beasts.
             The game lasted 00:13:37 (11559 turns).

BigDaddyOpFi the Cleaver (Minotaur Gladiator)      Turns: 11559, Time: 00:13:38

Health: -9/107     AC: 20    Str: 25    XL:     13   Next: 3%
Magic:  6/6        EV: 12    Int:  5    God:    Hepliaklqana [****..]
Gold:   1514       SH: 21    Dex: 17    Spells: 12/12 levels left

rFire   . . .      SeeInvis +    k - +8 broad axe of Histrionic Fortitude {antimagic, rCorr}
rCold   + . .      Faith    .    M - +10 tower shield of Ignorance {rN+ Int-4}
rNeg    + . .      Spirit   .    L - +9 scale mail "Zulutzomn" {rC+ Stlth+}
rPois   +          Reflect  .    c - +2 hat
rElec   .          Rampage  .    b - +2 cloak of the Thief {*Fog Slay-2 SInv Stlth+}
rCorr   +                        (no gloves)
Will    +....                    (no boots)
Stlth   +                        p - amulet of regeneration
HPRegen 1.17/turn                l - ring of Generosity {Will+ Int+4 Dex+6}
MPRegen 0.10/turn                B - ring of poison resistance

@: very slow
A: reduced essence, horns 2, retaliatory headbutt
a: Renounce Religion, Recall Ancestor, Ancestor Identity, Transference, Idealise


You were on level 3 of the Lair of Beasts.
You worshipped Hepliaklqana.
Hepliaklqana was greatly pleased with you.
You visited 3 branches of the dungeon, and saw 16 of its levels.
You also visited: Bailey.

You collected 2143 gold pieces.
You spent 629 gold pieces at shops.

Inventory:

Hand Weapons
 k - the +8 broad axe of Histrionic Fortitude (weapon) {antimagic, rCorr}
   (You acquired it on level 1 of the Dungeon)

   rCorr:     It protects you from acid and corrosion.
 N - the +11 war axe of Change {holy, rN+}
   (You bought it in a shop on level 9 of the Dungeon)

   rN:        It protects you from negative energy.
Missiles
 d - 3 throwing nets
 e - 10 javelins
Armour
 b - the +2 cloak of the Thief (worn) {*Fog Slay-2 SInv Stlth+}
   (You bought it in a shop on level 2 of the Dungeon)

   *Fog:      It may release a thick cloud of smoke when the wearer is hurt.
   Slay:      It affects your accuracy & damage with ranged weapons and melee
   (-2).
   SInv:      It lets you see invisible.
   Stlth:     It makes you more stealthy.
 c - a +2 hat (worn)
 L - the +9 scale mail "Zulutzomn" (worn) {rC+ Stlth+}
   (You found it in a bailey)

   rC:        It protects you from cold.
   Stlth:     It makes you more stealthy.
 M - the +10 tower shield of Ignorance (worn) {rN+ Int-4}
   (You found it in a bailey)

   Int:       It affects your intelligence (-4).
   rN:        It protects you from negative energy.
Jewellery
 j - a +6 ring of intelligence
 l - the ring of Generosity (left hand) {Will+ Int+4 Dex+6}
   (You acquired it on level 1 of the Dungeon)

   [ring of dexterity]

   Int:       It affects your intelligence (+4).
   Dex:       It affects your dexterity (+6).
   Will:      It increases your willpower.
 p - an amulet of regeneration (around neck)
 B - a ring of poison resistance (right hand)
 H - a ring of protection from fire
 K - an amulet of guardian spirit
 O - a ring of willpower
 T - a +6 ring of strength
Wands
 x - a wand of polymorph (8)
 G - a wand of flame (33) (quivered)
 P - a wand of mindburst (5)
 U - a wand of roots (5)
Scrolls
 m - 4 scrolls of noise
 r - a scroll of blinking
 s - a scroll of magic mapping
 t - 2 scrolls of immolation
 u - 3 scrolls of teleportation
 v - a scroll of vulnerability
 y - 3 scrolls of fog
 z - a scroll of identify
 A - 2 scrolls of poison
 E - 2 scrolls of summoning
 I - 4 scrolls of fear
 S - 2 scrolls of enchant weapon
Potions
 a - a potion of magic {unknown}
 f - 7 potions of curing
 g - 4 potions of attraction
 h - 4 potions of berserk rage
 i - 2 potions of ambrosia
 n - 2 potions of mutation
 o - 3 potions of lignification
 q - 6 potions of invisibility
 w - 6 potions of brilliance
 C - a potion of degeneration {unknown}
 D - 5 potions of might
 F - 2 potions of haste
 Q - a potion of cancellation {unknown}
 R - 2 potions of heal wounds
Miscellaneous
 J - a phantom mirror


   Skills:
 + Level 12.6 Fighting
 + Level 12.9 Axes
 - Level 6.3 Throwing
 + Level 11.8 Dodging
 * Level 11.9 Invocations


You had 12 spell levels left.
You didn't know any spells.
Your spell library contained the following spells:

 Spells                   Type           Power      Damage    Failure   Level
 Kiss of Death            Conj/Necr      0%         2d5       100%        1
 Magic Dart               Conj           0%         1d3       100%        1
 Call Imp                 Summ           0%         N/A       100%        2
 Lesser Beckoning         Tloc           0%         N/A       100%        2
 Confusing Touch          Hex            0%         N/A       100%        3
 Gell's Gravitas          Tloc           0%         N/A       100%        3
 Ignite Poison            Fire/Tmut/Pois 0%         N/A       100%        3
 Kindle Blastsparks       Fire/Tloc/Air  0%         2d10      100%        3
 Mephitic Cloud           Conj/Pois/Air  0%         N/A       100%        3
 Teleport Other           Tloc           0%         N/A       100%        3
 Dispel Undead            Necr           0%         3d6       100%        4
 Blade Hands              Tmut           0%         N/A       100%        5
 Freezing Cloud           Conj/Ice/Air   0%         6-21      100%        5
 Irradiate                Conj/Tmut      0%         3d11      100%        5
 Dragon Form              Tmut           0%         N/A       100%        7


Dungeon Overview and Level Annotations

Branches:
Dungeon (12/15)            Temple (1/1) D:6            Lair (3/5) D:8
  Swamp (0/4) Lair:2       Spider (0/4) Lair:3          Orc (0/2) D:11
 Bailey (visited)

Altars:
Ashenzari
Cheibriados
Dithmenos
Elyvilon
Gozag
Hepliaklqana
Makhleb
Okawaru
Qazlal
Ru
Sif Muna
Trog
Uskayaw
Vehumet
Wu Jian
Xom
Yredelemnul

Shops:
D:1 :   D:2 *   D:5 (   D:9 ((*:==

Portals:
Trove: D:11 (show slimy rune of Zot)

Annotations:
Lair:3 3 runed translucent doors, qeuew's ghost, journeyman HOFi; zenocrate's ghost, journeyman OpTm


Innate Abilities, Weirdness & Mutations

Your life essence is reduced to manifest your ancestor. (-10% HP)
You have a pair of horns on your head.
You reflexively headbutt those who attack you in melee.


Message History

You are too injured to fight recklessly!
You are too injured to fight recklessly!
You are too injured to fight recklessly!
Cleave: k) +8 broad axe of Histrionic Fortitude {antimagic, rCorr}
Press: ? - help, Dir - move target, f - cane toad
Aim: a cane toad (lightly wounded, about 25% to evade the +8 broad axe of Histrionic Fortitude)
Okay, then.
Aiming: Throw Flame
Press: ? - help, Q - select action, (/) - cycle Shift-Dir - straight line, f - cane toad
Aim: a cane toad (lightly wounded, 72% to hit)
Okay, then.
You closely miss the skyshark.
The skyshark is heavily wounded.
You slash the cane toad! You block the skyshark's attack.
The skyshark tail-slaps you but does no damage.
You block the skyshark's attack. The cane toad stings you!
With a swish of your cloak, you release a cloud of fog.
The skyshark bites you but does no damage.
You block the skyshark's attack. The skyshark closely misses you.
The cane toad stings you but does no damage.
You barely miss the skyshark.
The skyshark is heavily wounded.
You barely miss the cane toad. The skyshark bites you!!
* * * LOW HITPOINT WARNING * * *
You block the skyshark's attack. The skyshark closely misses you.
The cane toad stings you.
* * * LOW HITPOINT WARNING * * *
The skyshark closely misses you. You block the skyshark's attack. x2
Okay, then.
As you read the scroll of fear, it crumbles to dust.
You assume a fearsome visage.
The cane toad looks frightened!
The skyshark is unaffected.
You block the skyshark's attack. x6
Blink to where?
Press: ? - help, Dir - move target
As you read the scroll of blinking, it crumbles to dust.
Found a book of the Hunter.
Found a stone staircase leading up.
You enter the shallow water.
Moving in this stuff is going to be slow.
The skyshark bites you!!
You die...

.....ยง.....#.... ..
....[..........# ...###
...............###...#.#
........[..l[.#..:#...#.
..^..##...##.#..........
... #.#.~~##.....
.....#.#.~~~~#....
#.....~~~~....
.....#.#.l@~~.<...
##.......#.##.....
#.#####.......... ##
####P.###P. ### #


You could see a skyshark (berserk).

Vanquished Creatures
  Fannar (D:11)
  2 hydras (Lair:2)
  A two-headed ogre (D:9)
  A skyshark (Lair:3)
  An orc knight (Bailey)
  A deep elf zephyrmancer (Bailey)
  A cyclops (D:11)
  A torpor snail (Lair:2)
  2 black mambas (Lair:2)
  A cane toad (Lair:3)
  An unseen horror (D:11)
  A rime drake (D:8)
  7 komodo dragons
  2 polar bears
  2 trolls
  12 blink frogs
  A shadow (D:10)
  2 jumping spiders (Lair:3)
  A wraith (D:10)
  A wyvern (D:9)
  23 yaks
  A steam dragon (Lair:2)
  A swamp worm (Lair:2)
  11 water moccasins
  4 ice beasts
  A sky beast (D:7)
  2 black bears
  9 orc warriors
  2 ogres
  8 wolves
  4 centaurs
  A kobold brigand (D:10)
  9 bullfrogs
  A gnoll sergeant (D:8)
  2 scorpions
  8 wights
  9 killer bees
  2 vampire bats (Lair:1)
  3 howler monkeys
  An electric eel (D:9)
  6 jellies
  2 hounds
  2 gnoll boudas
  8 orc priests
  2 sleepcaps (D:6)
  2 iguanas (D:6)
  9 orc wizards
  13 gnolls
  8 adders
  A shadow imp (D:5)
  2 ufetubi
  A worm (D:2)
  36 orcs
  9 endoplasms
  6 giant cockroaches
  5 hobgoblins
  11 jackals
  3 quokkas
  4 ball pythons
  10 bats
  7 goblins
  11 kobolds
  5 rats
307 creatures vanquished.

Vanquished Creatures (collateral kills)
  2 hydras
  Sonja (D:11)
  A rime drake (Lair:2)
  3 cane toads
  2 komodo dragons
  A tyrant leech (Lair:2)
  A blink frog (Lair:3)
  A wraith (D:11)
  A steam dragon (D:9)
  3 yaks
  2 swamp worms (Lair:2)
  A water moccasin (Lair:3)
  A black bear (Lair:3)
  An orc warrior (Bailey)
  A centaur (D:9)
  A kobold brigand (D:9)
  3 bullfrogs
  3 killer bees
  A vampire bat (Lair:1)
  3 orcs
  A goblin (D:9)
  A kobold (D:9)
  2 bats (Lair:1)
37 creatures vanquished.

Vanquished Creatures (others)
  5 knights
  3 ancestors
  17 fungi
  32 plants
  3 withered plants (Lair:3)
60 creatures vanquished.

Grand Total: 404 creatures vanquished

Notes
Turn   | Place    | Note
-------+----------+-------------------------------------------
     0 | D:1      | BigDaddyOpFi the Minotaur Gladiator began the quest for the
                  | Orb.
     0 | D:1      | Reached XP level 1. HP: 18/18 MP: 0/0
   101 | D:1      | Found Veoliky's Book Emporium.
   124 | D:1      | Identified 3 scrolls of acquirement
   124 | D:1      | Acquired the +8 broad axe of Histrionic Fortitude
                  | {antimagic, rCorr}
   126 | D:1      | Acquired the ring of Generosity {Will+ Int+4 Dex+6}
   128 | D:1      | Acquired 1104 gold pieces
   170 | D:1      | Reached XP level 2. HP: 22/25 MP: 0/1
   612 | D:2      | Reached XP level 3. HP: 31/31 MP: 0/2
   689 | D:2      | Found a faded altar of an unknown god.
   984 | D:2      | Identified the +4 hand axe "Fumm" {freeze, *Rage Dex+4}
  1081 | D:2      | Reached XP level 4. HP: 38/38 MP: 1/3
  1288 | D:2      | Found Fuiquv's Assorted Antiques.
  1297 | D:2      | Bought the +2 cloak of the Thief {*Fog Slay-2 SInv Stlth+}
                  | for 442 gold pieces
  1297 | D:2      | Found the +2 cloak of the Thief {*Fog Slay-2 SInv Stlth+}
  2085 | D:4      | Reached XP level 5. HP: 45/46 MP: 1/4
  2143 | D:4      | Reached skill level 5 in Axes
  2241 | D:4      | Reached XP level 6. HP: 35/52 MP: 1/5
  2499 | D:5      | Entered Level 5 of the Dungeon
  2604 | D:5      | Reached skill level 5 in Dodging
  2712 | D:5      | Found Zunkiod's Weapon Emporium.
  2784 | D:5      | Reached skill level 5 in Fighting
  2784 | D:5      | Reached XP level 7. HP: 41/61 MP: 2/6
  3405 | D:6      | Found a staircase to the Ecumenical Temple.
  3411 | Temple   | Entered the Ecumenical Temple
  3427 | Temple   | Became a worshipper of Hepliaklqana the Forgotten
  3659 | D:6      | Reached skill level 5 in Throwing
  3659 | D:6      | Reached XP level 8. HP: 70/70 MP: 2/7
  4657 | D:7      | Reached XP level 9. HP: 72/79 MP: 2/8
  5086 | D:8      | Reached * piety under Hepliaklqana
  5129 | D:8      | Reached skill level 1 in Invocations
  5230 | D:8      | Noticed a rime drake
  5265 | D:8      | Killed a rime drake
  5399 | D:8      | Found a staircase to the Lair.
  5414 | D:8      | Noticed a polar bear
  5421 | D:8      | Killed a polar bear
  5683 | D:8      | Reached XP level 10. HP: 76/81 MP: 4/12
  5980 | D:9      | Found Rosap's Jewellery Shoppe.
  6012 | D:9      | Found a flagged portal.
  6027 | D:9      | Reached skill level 5 in Invocations
  6086 | Bailey   | Entered a bailey
  6122 | Bailey   | Found a large runed translucent door.
  6122 | Bailey   | Found a large runed translucent door.
  6122 | Bailey   | Noticed a deep elf zephyrmancer
  6163 | Bailey   | Found the +10 tower shield of Ignorance {rN+ Int-4}
  6174 | Bailey   | Noticed an orc knight
  6183 | Bailey   | Killed an orc knight
  6226 | Bailey   | Killed a deep elf zephyrmancer
  6444 | Bailey   | Identified the +9 scale mail "Zulutzomn" {rC+ Stlth+}
  6609 | D:9      | Found Plog's Assorted Antiques.
  6648 | D:9      | Found Humoutoe's Hydra Hut.
  6651 | D:9      | Noticed an eight-headed hydra
  6714 | D:9      | Found Gokaos's Book Shop.
  6745 | D:9      | Reached ** piety under Hepliaklqana
  6748 | D:9      | Remembered your ancestor Manelesi as a knight
  6764 | D:9      | Found Fouth's Antique Weapon Shop.
  6772 | D:9      | Bought a warped war axe for 187 gold pieces
  6772 | D:9      | Identified the +11 war axe of Change {holy, rN+} (You
                  | bought it in a shop on level 9 of the Dungeon)
  6885 | D:9      | Found a sacrificial altar of Ru.
  6888 | D:9      | Found a white marble altar of Elyvilon.
  6896 | D:9      | Reached skill level 10 in Axes
  6959 | D:9      | Noticed a two-headed ogre
  6972 | D:9      | Killed a two-headed ogre
  7018 | D:9      | Found Tici Jal's Jewellery Shoppe.
  7064 | D:9      | Reached skill level 10 in Fighting
  7067 | D:9      | Reached XP level 11. HP: 79/89 MP: 5/15
  7275 | D:10     | Entered Level 10 of the Dungeon
  7860 | D:10     | Found an ornate altar of the Wu Jian Council.
  7867 | D:10     | Reached *** piety under Hepliaklqana
  8070 | D:11     | Reached skill level 10 in Dodging
  8074 | D:11     | Found a staircase to the Orcish Mines.
  8075 | D:11     | Noticed Fannar
  8087 | D:11     | Killed Fannar
  8160 | D:11     | Noticed Sonja
  8183 | D:11     | Killed Sonja
  8239 | D:11     | Found a portal to a secret trove of treasure.
  8548 | Lair:1   | Entered Level 1 of the Lair of Beasts
  9291 | Lair:2   | Noticed an eight-headed hydra
  9311 | Lair:2   | Killed a 15-headed hydra
  9412 | Lair:2   | Reached XP level 12. HP: 99/99 MP: 6/18
  9426 | Lair:2   | Reached skill level 10 in Invocations
  9466 | Lair:2   | Reached **** piety under Hepliaklqana
  9864 | Lair:2   | Noticed a five-headed hydra
  9865 | Lair:2   | Noticed a four-headed hydra
 10161 | Lair:2   | Killed a seven-headed hydra
 10172 | Lair:2   | Killed a four-headed hydra
 10203 | Lair:2   | Found a staircase to the Swamp.
 10374 | Lair:3   | Noticed an eight-headed hydra
 10846 | Lair:3   | Killed a nine-headed hydra
 11014 | Lair:3   | Found a runed translucent gate.
 11014 | Lair:3   | Found a runed translucent gate.
 11014 | Lair:3   | Found a runed translucent gate.
 11214 | Lair:3   | Found a hole to the Spider Nest.
 11228 | Lair:3   | Reached XP level 13. HP: 107/107 MP: 6/20
 11516 | Lair:3   | Noticed qeuew's ghost (journeyman HOFi)
 11516 | Lair:3   | Noticed zenocrate's ghost (journeyman OpTm)
 11551 | Lair:3   | HP: 5/107 [cane toad (3)]
 11559 | Lair:3   | Mangled by a skyshark

Illustrated notes

Levels and vault maps discovered:
D:1:      heliophobic_arrival_henge, layout_rooms, serial_shops, shop_statue
D:2:      layout_basic, serial_shops, nicolae_lakefront_shop,
          ebering_ecumenical_altar_ruins
D:3:      layout_basic
D:4:      layout_rooms, kennysheep_generic_room_4
D:5:      layout_loops_corners, serial_shops, nicolae_shop_behind_doors
D:6:      layout_layer_cave, minmay_temple_entry_arrows, chequers_avenue
D:7:      layout_rooms, serial_aquarium, aquarium_bridge_straight
          [aquarium_subvault_bridge, aquarium_subvault_wall,
          aquarium_subvault_bridge, aquarium_subvault_window],
          aquarium_window_corridor_1, aquarium_window_1, aquarium_window_fake,
          aquarium_window_1, aquarium_view_2c, aquarium_view_2b,
          aquarium_balcony_3b, aquarium_pool_2
D:8:      layout_loops_ring, hellmonk_lair_entry_icy
D:9:      layout_irregular_city, nicolae_overflow_squiral, enter_bailey_3,
          serial_shops, shop, shop, nicolae_shop_window_shopping,
          nicolae_shop_hallway_stairs, shop, doesnt_shop_hydraphobe
D:10:     layout_basic, mainiacjoe_overflow_alcove_2
D:11:     layout_rooms, david_orc_2, nicolae_trove_entry_diagonal, uniq_fannar,
          uniq_sonja
D:12:     layout_loops_ring, onia_ninara_cookie
Temple:   nicolae_temple_bog_church
Lair:1:   layout_hall_layers, roderic_batcave
Lair:2:   layout_roguey, palyth_hydra_swamp_entry, lemuel_fruit_tree,
          serial_bayou_shore_a
Lair:3:   layout_gridlike, spider_nest_entry_a, gammafunk_ghost_cemetery

Skill      XL: |  1  2  3  4  5  6  7  8  9 10 11 12 |
---------------+-------------------------------------+-----
Axes           | 4 5 6 7 9 10 11 12 | 12.9
Fighting       | 3 4 5 6 7 8 10 11 12 | 12.6
Dodging        | 4 5 6 7 8 9 10 11 | 11.8
Throwing       | 3 4 5 6 |  6.3
Invocations    | 4 7 9 11 | 11.9

Action                     |  1- 3 |  4- 6 |  7- 9 | 10-12 | 13-15 || total
---------------------------+-------+-------+-------+-------+-------++-------
  Melee: War axe           |     8 |       |       |     6 |       ||    14
         Broad axe         |    32 |    87 |   210 |   375 |    14 ||   718
         Headbutt          |    10 |    13 |    36 |    80 |     5 ||   144
 Invoke: Ancestor Life: Kn |       |       |       |     1 |       ||     1
  Evoke: Wand              |       |     1 |       |    26 |       ||    27
    Use: Scroll            |     7 |       |    13 |     3 |     9 ||    32
         Potion            |       |       |     1 |     3 |       ||     4
   Stab: Sleeping          |     2 |       |       |     2 |       ||     4
         Paralysed         |       |       |       |    12 |       ||    12
         Distracted        |       |       |       |     1 |       ||     1
 Armour: Leather armour    |     8 |       |       |       |       ||     8
         Scale mail        |     1 |    55 |    24 |   192 |    17 ||   289
         Chain mail        |       |       |    75 |    38 |       ||   113
  Dodge: Dodged            |    29 |    60 |   129 |   205 |     9 ||   432
  Block: Buckler           |     8 |    14 |    50 |     8 |       ||    80
         Tower shield      |       |       |       |   599 |    39 ||   638

Table legend: (Time is in decaauts)
 A = Elapsed time spent in this place.
 B = Non-inter-level travel time spent in this place.
 C = Inter-level travel time spent in this place.
 D = Time resting spent in this place.
 E = Time spent auto-exploring this place.
 F = Levels seen in this place.
 G = Mean time per level.
                   A        B        C        D        E       F      G
               +--------+--------+--------+--------+--------+-----+--------+
         Total |  11868 |  11429 |    439 |   1081 |   7969 |  17 |  698.1 |
       Dungeon |   8191 |   7811 |    380 |    155 |   6148 |  12 |  682.6 |
        Temple |     27 |     18 |      9 |      0 |      0 |   1 |   27.0 |
          Lair |   3138 |   3089 |     49 |    684 |   1729 |   3 | 1046.0 |
        Bailey |    511 |    511 |      0 |    242 |     92 |   1 |  511.0 |
               +--------+--------+--------+--------+--------+-----+--------+

Top non-repeatable levels by time:
  Lair:2: 1576 daAuts
     D:2: 1143 daAuts
     D:8: 984 daAuts
     D:6: 935 daAuts
     D:5: 886 daAuts
  Lair:3: 880 daAuts
     D:9: 848 daAuts
     D:7: 734 daAuts
    D:10: 685 daAuts
  Lair:1: 682 daAuts
    D:11: 573 daAuts
     D:1: 560 daAuts
  Bailey: 511 daAuts
     D:4: 461 daAuts
     D:3: 374 daAuts
